 Dungeon Crawl Stone Soup version 0.22.0-49-gab54619 (webtiles) character file.

239 inc the Skirmisher (level 6, -3/67 HPs)
             Began as an Ogre Skald on Sept 4, 2018.
             Slain by a gnoll
             ... wielding a +0 spear
              (8 damage)
             ... on level 3 of the Dungeon.
             The game lasted 00:05:53 (4040 turns).

inc the Skirmisher (Ogre Skald)                     Turns: 4040, Time: 00:05:53

Health: -3/67      AC:  3    Str: 16    XL:     6   Next: 7%
Magic:  4/9        EV: 10    Int: 16    God:
Gold:   122        SH:  0    Dex:  8    Spells: 4/9 levels left

rFire    . . .     SeeInvis .   a - +0 mace
rCold    . . .     Gourm    .   (no shield)
rNeg     . . .     Faith    .   b - +0 robe
rPois    .         Spirit   .   (helmet restricted)
rElec    .         Reflect  .   (no cloak)
rCorr    +         Harm     .   (gloves unavailable)
MR       .....                  (boots unavailable)
Stlth    +.........             (no amulet)
HPRegen  0.21/turn              g - ring of resist corrosion (curse)
MPRegen  0.11/turn              (no ring)

@: lethally poisoned (-3 -> -4), about to teleport, infused
A: large, unfitting armour, tough skin 1
a: no special abilities


You were on level 3 of the Dungeon.
You were near starving.

You visited 1 branch of the dungeon, and saw 4 of its levels.

You collected 122 gold pieces.

Inventory:

Hand Weapons
 a - a +0 mace (weapon)
Armour
 b - a +0 robe (worn)
Jewellery
 g - a cursed ring of resist corrosion (left hand)
Wands
 j - a wand of digging (1)
 q - a wand of clouds (8)
Scrolls
 e - 2 scrolls of teleportation
 k - a scroll of random uselessness {unknown}
 l - a scroll of amnesia {unknown}
 m - a scroll of enchant armour {unknown}
 n - a scroll of blinking {unknown}
 o - a scroll of remove curse {unknown}
Potions
 f - a potion of lignification
 h - 4 potions of curing
 i - a potion of haste
Comestibles
 d - 8 rations


   Skills:
 + Level 6.0 Fighting
 + Level 4.1 Maces & Flails
 - Level 2.1 Dodging
 - Level 2.4 Spellcasting
 - Level 2.6 Charms


You had 4 spell levels left.
You knew the following spells:

 Your Spells              Type           Power        Failure   Level  Hunger
a - Infusion              Chrm           ##..         7%          1    #......
b - Shroud of Golubria    Chrm/Tloc      #.........   17%         2    ###....
e - Song of Slaying       Chrm           ##......     10%         2    ###....

Your spell library contained the following spells:

 Spells                   Type           Power        Failure   Level  Hunger
 Regeneration             Chrm/Necr      #.........   34%         3    ###....
 Spectral Weapon          Hex/Chrm       #.......     34%         3    ###....


Dungeon Overview and Level Annotations

Branches:
Dungeon (4/15)
 Temple: D:4-7

Altars:
Xom

Shops:
D:4 *


Innate Abilities, Weirdness & Mutations

You are too large for most types of armour.
You have tough skin. (AC +1)


Message History

The gnoll hits you with a spear.
You feel sick. The scorpion stings you.
* * * LOW HITPOINT WARNING * * *
The gnoll barely misses you. The gnoll hits you with a spear.
* * * LOW HITPOINT WARNING * * *
You climb upwards.
You feel sick.
There is a stone staircase leading down here.
Unknown command.
As you read the scroll of teleportation, it crumbles to dust.
You feel strangely unstable. The gnoll barely misses you.
You barely miss the gnoll.
You feel sick. The gnoll hits you with a spear!
* * * LOW HITPOINT WARNING * * *
You thump the gnoll!
The gnoll is severely wounded.
The gnoll hits you but does no damage.
Unknown command.
You barely miss the gnoll.
The gnoll is severely wounded.
You feel sick. The gnoll hits you with a spear!
You die...

)[.#...#.## ##.#.###.#
...#...#.# #.#.....#
.........# #.......#
.....#.#.######......#
...#.................#
.......#.#######....##
.....#.#........gs..#
..#..#.##..#####g####
...........# #@#
.....#.#...# ###
...........#
.......#...#
####..###..#
...........#
####..###.## #<#.# #.#
###.#.###.#


You could see a scorpion and 2 gnolls.

Vanquished Creatures
  A gnoll shaman (D:3)
  Ijyb (D:4)
  A worker ant (D:3)
  A gnoll (D:3)
  4 adders
  An ooze (D:3)
  3 dart slugs
  4 worms
  2 leopard geckos (D:1)
  7 orcs
  A ball python (D:1)
  11 bats
  3 giant cockroaches
  10 goblins
  11 hobgoblins
  4 jackals (D:3)
  10 kobolds
  A quokka (D:3)
  7 frilled lizards
  8 rats
91 creatures vanquished.

Vanquished Creatures (others)
  5 toadstools (D:1)
5 creatures vanquished.

Grand Total: 96 creatures vanquished

Notes
Turn   | Place    | Note
-------+----------+-------------------------------------------
     0 | D:1      | inc the Ogre Skald began the quest for the Orb.
     0 | D:1      | Reached XP level 1. HP: 22/22 MP: 3/3
    53 | D:1      | Reached skill level 3 in Fighting
   166 | D:1      | Reached XP level 2. HP: 30/31 MP: 5/5
   549 | D:1      | Reached XP level 3. HP: 36/39 MP: 1/6
   783 | D:2      | Reached skill level 4 in Fighting
   831 | D:2      | Found a shimmering altar of Xom.
  1211 | D:2      | Found a faded altar of an unknown god.
  1216 | D:2      | Reached XP level 4. HP: 45/49 MP: 4/7
  2128 | D:3      | Reached skill level 5 in Fighting
  2156 | D:3      | Reached XP level 5. HP: 18/57 MP: 0/8
  2236 | D:2      | Learned a level 2 spell: Song of Slaying
  2239 | D:2      | Learned a level 2 spell: Shroud of Golubria
  3162 | D:4      | Found Dumuttug's Assorted Antiques.
  3162 | D:4      | Noticed Ijyb
  3175 | D:4      | Killed Ijyb
  3890 | D:3      | Reached skill level 6 in Fighting
  3890 | D:3      | Reached XP level 6. HP: 39/67 MP: 6/9
  4040 | D:3      | Slain by a gnoll

Skill      XL: |  1  2  3  4  5 |
---------------+----------------+-----
Fighting       | 3 4 5 6 |  6.0
Maces & Flails | 2 3 4 |  4.1
Dodging        | |  2.1
Spellcasting   | |  2.4
Charms         | |  2.6

Action                   |  1- 3 |  4- 6 || total
-------------------------+-------+-------++-------
Melee: Mace              |   122 |   223 ||   345
 Cast: Infusion          |     7 |    18 ||    25
       Shroud of Golubri |       |     2 ||     2
  Use: Scroll            |       |     5 ||     5
       Potion            |       |     1 ||     1
  Eat: Chunk             |     1 |     8 ||     9
Armor: Robe              |    37 |    75 ||   112
Dodge: Dodged            |    78 |   150 ||   228
